 Dungeon Crawl Stone Soup version 0.28.0 (webtiles) character file.

Game seed: 7171457081697427914

97155 browni3141 the Stormcaller (level 16, -2/88 HPs)
             Began as a Tengu Enchanter on Feb 5, 2022.
             Was a High Priest of Vehumet.
             Asphyxiated
             ... on level 3 of the Snake Pit.
             The game lasted 01:59:48 (42133 turns).

browni3141 the Stormcaller (Tengu Enchanter)       Turns: 42133, Time: 01:59:49

Health: -2/88      AC: 13    Str:  8    XL:     16   Next: 18%
Magic:  19/31      EV: 27    Int: 22    God:    Vehumet [*****.]
Gold:   474        SH: 16    Dex: 24    Spells: 2/35 levels left

rFire   . . .      SeeInvis .   f - +0 short sword (flame)
rCold   . . .      Faith    .   b - +3 kite shield {reflect}
rNeg    + . .      Spirit   .   g - +3 leather armour of the Known World {Dex+7}
rPois   +          Reflect  +   u - +2 hat
rElec   .          Harm     .   i - +1 cloak of Inevitability {rN+ rCorr Stlth+}
rCorr   +          Rampage  .   e - +2 pair of gloves
Will    +....                   (boots unavailable)
Stlth   ++++++....              (no amulet)
HPRegen 0.24/turn               H - ring of poison resistance
MPRegen 0.22/turn               C - ring of wizardry

@: flying quickly and evasively, very slightly contaminated, studying Hexes,
quick
A: beak, talons 3, nimble flight
a: Renounce Religion


You were on level 3 of the Snake Pit.
You worshipped Vehumet.
Vehumet was extremely pleased with you.
You visited 5 branches of the dungeon, and saw 24 of its levels.
You also visited: Bailey.

You collected 2003 gold pieces.
You spent 1529 gold pieces at shops.

Inventory:

Hand Weapons
 a - a +1 dagger
 f - a +0 short sword of flaming (weapon)
 w - the +8 hand axe of a volcano {protect, rF+ Will+ Str+4 Int-2}
   (You found it on level 8 of the Dungeon)

   It grants its wielder temporary protection when it strikes (+7 to AC).
   Str:       It affects your strength (+4).
   Int:       It affects your intelligence (-2).
   rF:        It protects you from fire.
   Will:      It increases your willpower.
Missiles
 d - 851 stones
 s - 2 datura-tipped darts
 t - 9 curare-tipped darts
 y - 20 poisoned darts
 F - 2 throwing nets
Armour
 b - a +3 kite shield of reflection (worn)
 e - a +2 pair of gloves (worn)
 g - the +3 leather armour of the Known World (worn) {Dex+7}
   (You bought it in a shop on level 6 of the Dungeon)

   Dex:       It affects your dexterity (+7).
 i - the +1 cloak of Inevitability (worn) {rN+ rCorr Stlth+}
   (You found it on level 2 of the Dungeon)

   rN:        It protects you from negative energy.
   rCorr:     It protects you from acid and corrosion.
   Stlth:     It makes you more stealthy.
 u - a +2 hat (worn)
Jewellery
 x - a ring of positive energy
 A - an amulet of guardian spirit
 C - a ring of wizardry (right hand)
 E - a +4 ring of evasion
 H - a ring of poison resistance (left hand)
 K - a +4 ring of slaying
 U - a ring of resist corrosion
 Y - a ring of see invisible
Wands
 B - a wand of flame (15)
 D - a wand of digging (19)
 P - a wand of polymorph (11)
 Z - a wand of paralysis (2)
Scrolls
 c - 6 scrolls of teleportation
 j - 4 scrolls of blinking
 m - a scroll of brand weapon {unknown}
 o - 5 scrolls of immolation
 r - 2 scrolls of fear
 z - 3 scrolls of torment
 N - 3 scrolls of enchant weapon
 O - 4 scrolls of vulnerability
 R - 3 scrolls of magic mapping
 W - a scroll of silence
 X - 5 scrolls of noise
Potions
 h - 19 potions of curing
 k - 2 potions of magic
 l - 7 potions of heal wounds
 n - 5 potions of brilliance
 p - 5 potions of berserk rage
 q - 5 potions of attraction
 v - a potion of invisibility
 G - 2 potions of flight
 J - 2 potions of resistance {unknown}
 L - 2 potions of mutation {unknown}
 M - a potion of experience {unknown}
 Q - a potion of ambrosia {unknown}
 S - 2 potions of lignification {unknown}
 T - 2 potions of might {unknown}
 V - 2 potions of cancellation {unknown}


   Skills:
 - Level 6.0 Fighting
 - Level 4.0 Short Blades
 - Level 3.0 Armour
 - Level 15.0 Dodging
 - Level 10.0 Stealth
 - Level 10.0 Shields
 - Level 10.0 Spellcasting
 - Level 10.0 Conjurations
 - Level 7.0 Hexes
 * Level 17.5 Air Magic


You had 2 spell levels left.
You knew the following spells:

 Your Spells              Type           Power      Damage    Failure   Level
a - Ensorcelled Hibernat  Hex/Ice        52%        N/A       2%          2
b - Confusing Touch       Hex            41%        N/A       1%          3
c - Tukima's Dance        Hex            41%        N/A       1%          3
d - Sandblast             Erth           22%        2d7       2%          1
e - Swiftness             Air            73%        N/A       1%          3
f - Static Discharge      Conj/Air       64%        N/A       1%          2
g - Airstrike             Air            36%        N/A       1%          4
h - Fulminant Prism       Conj/Hex       24%        3d13      1%          4
i - Lightning Bolt        Conj/Air       32%        1d49      1%          5
j - Starburst             Conj/Fire      16%        6d6       34%         6

Your spell library contained the following spells:

 Spells                   Type           Power      Damage    Failure   Level
 Foxfire                  Conj/Fire      100%       2x1d9     1%          1
 Magic Dart               Conj           100%       1d8       1%          1
 Shock                    Conj/Air       100%       1d9       1%          1
 Corpse Rot               Necr/Air       98%        N/A       1%          2
 Poisonous Vapours        Pois/Air       98%        N/A       1%          2
 Freeze                   Ice            44%        1d6       2%          1
 Apportation              Tloc           22%        N/A       8%          1
 Pain                     Necr           44%        1d6       8%          1
 Sting                    Tmut/Pois      44%        1d5       8%          1
 Call Imp                 Summ           11%        N/A       12%         2
 Sublimation of Blood     Necr           11%        N/A       12%         2
 Wereblood                Tmut           11%        N/A       12%         2
 Conjure Flame            Conj/Fire      33%        6-21      1%          3
 Dazzling Flash           Conj/Hex       96%        N/A       1%          3
 Inner Flame              Hex/Fire       26%        N/A       1%          3
 Mephitic Cloud           Conj/Pois/Air  50%        N/A       1%          3
 Stone Arrow              Conj/Erth      66%        3d11      1%          3
 Freezing Cloud           Conj/Ice/Air   25%        6-21      1%          5
 Flame Wave               Conj/Fire      33%        2d8       3%          4
 Hailstorm                Conj/Ice       33%        3d8       3%          4
 Frozen Ramparts          Ice            22%        1d4       7%          3
 Ignite Poison            Fire/Tmut/Pois 11%        N/A       7%          3
 Irradiate                Conj/Tmut      16%        3d18      8%          5
 Maxwell's Capacitive Co  Air            36%        ∞         11%         8
 Gell's Gravitas          Tloc           11%        N/A       22%         3
 Lesser Beckoning         Tloc           11%        N/A       22%         3
 Teleport Other           Tloc           11%        N/A       22%         3
 Metabolic Englaciation   Hex/Ice        13%        N/A       43%         5
 Animate Armour           Summ/Erth      22%        N/A       56%         4
 Ice Form                 Ice/Tmut       11%        N/A       56%         4
 Petrify                  Tmut/Erth      11%        N/A       56%         4
 Summon Ice Beast         Ice/Summ       11%        N/A       56%         4
 Agony                    Necr           11%        N/A       88%         5
 Alistair's Intoxication  Tmut/Pois      7%         N/A       88%         5
 Excruciating Wounds      Necr           5%         N/A       88%         5
 Statue Form              Tmut/Erth      7%         N/A       100%        6
 Summon Hydra             Summ           5%         N/A       100%        7
 Lehudib's Crystal Spear  Conj/Erth      16%        10d5      100%        8


Dungeon Overview and Level Annotations

Branches:
Dungeon (11/15)            Temple (1/1) D:6            Lair (6/6) D:8
 Shoals (0/4) Lair:3        Snake (4/4) Lair:3        Slime (0/5) Lair:5
    Orc (2/2) D:11            Elf (0/3) Orc:2        Bailey (visited)

Altars:
Ashenzari
Cheibriados
Dithmenos
Elyvilon
Fedhas
Gozag
Hepliaklqana
Kikubaaqudgha
Makhleb
Nemelex Xobeh
Okawaru
Qazlal
Ru
Sif Muna
Trog
Uskayaw
Vehumet
Wu Jian
Xom
Yredelemnul
Zin
The Shining One
Jiyva

Shops:
D:6 [   D:7 !   D:10 **   Orc:2 [*(:

Portals:
Abyss: Lair:1

Annotations:
D:5 2 transporters
D:9 exclusions: door and downstairs
D:10 exclusion: downstairs
Lair:1 2 transporters, belegose's ghost, journeyman GrAr
Lair:5 1 runed translucent door
Snake:3 Mlioglotl
Snake:4 1 runed translucent door


Innate Abilities, Weirdness & Mutations

You have a beak for a mouth.
You have claws for feet.
Your magical nature lets you fly swiftly and evasively.


Message History

Unknown command.
You closely miss the shock serpent. You claw the shock serpent!
The shock serpent is moderately wounded.
The shock serpent's electric aura discharges, shocking you!
* * * LOW HITPOINT WARNING * * *
The shock serpent closely misses you. The naga hits you but does no damage.
The naga constricts you.
Unknown command.
You hit the shock serpent. You burn the shock serpent.
You claw the shock serpent. You peck the shock serpent.
The shock serpent is moderately wounded.
You block the shock serpent's attack. The naga completely misses you.
The naga constricts you.
* * * LOW HITPOINT WARNING * * *
Unknown command.
You hit the naga but do no damage. Your kick misses the naga.
The naga is almost dead.
You block the naga's attack. The naga constricts you.
Unknown command.
Unknown command.
You escape the naga's grasp.
Casting: Confusing Touch (safe; 1% risk of failure)
Confirm with . or Enter, or press ? or * to list all spells.
The spell is quite dangerous to miscast (34% risk of failure)!
Continue anyway?
Casting: Starburst (quite dangerous; 34% risk of failure)
Press: ? - help, Dir - look around, f - activate You miscast Starburst.
You are very lightly contaminated with residual magic.
Fire whirls out from your hands!
* * * LOW HITPOINT WARNING * * *
Unknown command.
Unknown command.
Press: ? - help, v - describe, . - travel
Here: a shock serpent (moderately wounded, confused)
A stone staircase leading down, spattered with blood.
Unknown command.
The naga spits poison at you.
The splash of poison hits you but does no damage.
You have difficulty breathing.
You die...

##....##
##....##################
##..#.##
##...........##...#....
##....##
##.........####.......
##...<## ##........#
#....... ##....# ######.###
######## ##..#### #..#
##....######..#############
##...............#.†...##.
##.[....@....NS..>)..####
##....#.....#....#).# #
#################### #


You could see a shock serpent (confused) and a naga (curare, catching breath).

Vanquished Creatures
  2 nagarajas (Snake:2)
  An orc warlord (Orc:2)
  8 hydras
  A boulder beetle (Lair:5)
  4 naga warriors
  Erica (D:8)
  2 catoblepae (Lair:5)
  A death knight (D:11)
  7 anacondas
  A two-headed ogre (D:11)
  5 shock serpents
  4 orc high priests (Orc:2)
  8 naga sharpshooters
  The ghost of unlimited1921 the Chopper, a novice MiFi of Cheibriados (D:8)
  A goliath frog (Lair:6)
  4 naga ritualists
  5 mana vipers
  3 orc knights (Orc:2)
  5 orc sorcerers
  5 elephants (Lair:4)
  Maurice (D:9)
  2 salamanders
  A cyclops (Orc:1)
  A guardian serpent (Snake:1)
  14 naga magi
  22 black mambas
  A guardian serpent (shapeshifter) (D:9)
  An unseen horror (D:11)
  25 cane toads
  2 torpor snails
  2 rime drakes
  7 komodo dragons
  4 tyrant leeches (Lair:6)
  2 trolls
  A hornet (D:9)
  29 blink frogs
  19 dream sheep
  A snapping turtle (Lair:3)
  A shadow (D:10)
  Sigmund (D:6)
  68 yaks
  2 wyverns
  Eustachio (D:6)
  A basilisk (Lair:2)
  A steam dragon (D:7)
  A warg (Orc:2)
  A dancing weapon (Orc:2)
  9 vampire mosquitoes
  23 nagas
  An acid dragon (D:10)
  15 water moccasins
  2 black bears
  2 ice beasts
  21 orc warriors
  5 ogres
  4 sky beasts
  8 wolves
  5 centaurs
  A phantom (D:4)
  A kobold brigand (D:6)
  21 bullfrogs
  A water moccasin zombie (D:5)
  A wyvern skeleton (D:7)
  A water moccasin skeleton (D:5)
  4 killer bees
  3 howler monkeys (D:7)
  9 electric eels
  5 centaur zombies
  2 jellies
  17 orc priests
  A bullfrog skeleton (D:7)
  4 hounds (D:8)
  A centaur skeleton (D:6)
  Crazy Yiuf (D:7)
  2 gnoll shamans (D:6)
  2 hell rats (Lair:5)
  2 iguanas
  21 orc wizards
  2 killer bee zombies
  12 gnolls
  3 howler monkey zombies
  4 adders
  2 howler monkey skeletons (D:5)
  9 river rats (Lair:5)
  A shadow imp (D:5)
  3 white imps (D:7)
  2 worms
  3 dart slugs
  58 orcs
  7 ball pythons
  4 endoplasms
  7 giant cockroaches
  6 goblins
  6 hobgoblins
  2 jackals (D:1)
  5 quokkas
  5 bats
  4 frilled lizards
  14 kobolds
  3 rats
638 creatures vanquished.

Vanquished Creatures (collateral kills)
  6 dream sheep (Lair:4)
  A water moccasin (Lair:4)
  A bullfrog (Lair:6)
8 creatures vanquished.

Vanquished Creatures (others)
  A blink frog (Lair:5)
  A centaur zombie (D:8)
  27 fulminant prisms
  66 fungi
  131 plants
226 creatures vanquished.

Grand Total: 872 creatures vanquished

Notes
Turn   | Place    | Note
-------+----------+-------------------------------------------
     0 | D:1      | browni3141 the Tengu Enchanter began the quest for the Orb.
     0 | D:1      | Reached XP level 1. HP: 10/10 MP: 4/4
   739 | D:1      | Reached XP level 2. HP: 15/15 MP: 6/6
   745 | D:1      | Learned a level 2 spell: Ensorcelled Hibernation
  1025 | D:1      | Found a faded altar of an unknown god.
  1230 | D:2      | Identified the +1 cloak of Inevitability {rN+ rCorr Stlth+}
  1309 | D:2      | Reached XP level 3. HP: 20/20 MP: 7/7
  1321 | D:2      | Found a hide-covered altar of Uskayaw.
  1781 | D:1      | Reached skill level 1 in Fighting
  2024 | D:1      | Reached XP level 4. HP: 16/25 MP: 0/8
  3269 | D:3      | Learned a level 3 spell: Confusing Touch
  3298 | D:3      | Gained mutation: Your magical nature lets you fly swiftly
                  | and evasively. [Tengu growth]
  3298 | D:3      | Reached XP level 5. HP: 29/29 MP: 2/9
  4324 | D:4      | Noticed an ogre
  4561 | D:4      | Identified the +0 robe of Jonor {Str+3}
  5029 | D:5      | Entered Level 5 of the Dungeon
  5101 | D:5      | Found a transporter.
  5117 | D:5      | Found a transporter.
  5137 | D:5      | Noticed a black bear
  5417 | D:5      | Reached XP level 6. HP: 31/34 MP: 7/10
  5625 | D:5      | Noticed a sky beast
  5774 | D:4      | Killed a sky beast
  5775 | D:4      | Reached skill level 5 in Hexes
  6014 | D:5      | Reached XP level 7. HP: 30/38 MP: 6/11
  6140 | D:5      | Learned a level 3 spell: Tukima's Dance
  6249 | D:5      | Found a shadowy altar of Dithmenos.
  6661 | D:5      | Reached skill level 5 in Dodging
  6878 | D:5      | You are sucked into a shaft and drop 2 floors!
  6885 | D:7      | Reached XP level 8. HP: 31/43 MP: 12/12
  6893 | D:7      | Found an ornate altar of the Wu Jian Council.
  7167 | D:7      | Found a flagged portal.
  7184 | Bailey   | Entered a bailey
  7438 | D:6      | Found a staircase to the Ecumenical Temple.
  7444 | Temple   | Entered the Ecumenical Temple
  7616 | Temple   | Became a worshipper of Vehumet
  8073 | D:6      | Found Vourchaed's Antique Armour Boutique.
  8079 | D:6      | Bought a spiked leather armour for 231 gold pieces
  8079 | D:6      | Identified the +3 leather armour of the Known World {Dex+7}
                  | (You bought it in a shop on level 6 of the Dungeon)
  8322 | D:6      | Noticed Eustachio
  8455 | D:6      | Reached skill level 1 in Armour
  8482 | D:6      | Noticed Sigmund
  8519 | D:6      | Killed Sigmund
  8520 | D:6      | Reached XP level 9. HP: 45/48 MP: 10/13
  8561 | D:6      | Killed Eustachio
  9891 | D:7      | Reached * piety under Vehumet
  9891 | D:7      | Offered knowledge of Sandblast by Vehumet.
  9956 | D:7      | Learned a level 1 spell: Sandblast
  9983 | D:7      | Found Hemoraosch's Distillery.
 10064 | D:7      | Found a runed translucent door.
 10065 | D:7      | Noticed Crazy Yiuf
 10237 | D:7      | Reached skill level 5 in Stealth
 10584 | D:7      | Killed Crazy Yiuf
 10653 | D:8      | Noticed Erica
 11249 | D:7      | Reached XP level 10. HP: 53/53 MP: 15/15
 11291 | D:8      | Identified a scroll of acquirement
 11307 | D:8      | Got Witchery, Part One
 11308 | D:8      | Acquired a book of Air
 11314 | D:8      | Learned a level 3 spell: Swiftness
 11366 | D:8      | Reached skill level 1 in Air Magic
 11382 | D:8      | Reached skill level 2 in Air Magic
 11496 | D:8      | Identified the +8 hand axe of a volcano {protect, rF+ Will+
                  | Str+4 Int-2}
 11521 | D:8      | Reached skill level 10 in Dodging
 11521 | D:8      | Reached skill level 3 in Air Magic
 11554 | D:8      | Reached skill level 4 in Air Magic
 11596 | D:8      | Found a staircase to the Lair.
 11648 | D:8      | Killed Erica
 11648 | D:8      | Offered knowledge of Static Discharge by Vehumet.
 11649 | D:8      | Reached skill level 6 in Air Magic
 11989 | D:8      | Found a large runed translucent door.
 11991 | D:8      | Found a large runed translucent door.
 11993 | D:8      | Noticed unlimited1921's ghost (novice MiFi)
 12075 | D:8      | Reached skill level 7 in Air Magic
 12179 | D:8      | Reached skill level 8 in Air Magic
 12182 | D:8      | Learned a level 2 spell: Static Discharge
 12526 | D:8      | Killed unlimited1921's ghost
 12800 | D:9      | Found a snail-covered altar of Cheibriados.
 13028 | D:9      | Noticed a torpor snail
 13064 | D:9      | Noticed a death drake
 13108 | D:9      | Noticed a moth of wrath
 13126 | D:9      | Noticed a guardian serpent
 13126 | D:9      | a moth of wrath changed into a guardian serpent
 13138 | D:9      | Killed a guardian serpent
 13618 | D:9      | Reached ** piety under Vehumet
 13619 | D:9      | Noticed Maurice
 13634 | D:9      | Killed Maurice
 13635 | D:9      | Reached skill level 9 in Air Magic
 13635 | D:9      | Reached XP level 11. HP: 57/57 MP: 11/18
 13711 | D:9      | Identified the +9 great sword of Virtue {spect, Stlth+}
 13782 | D:10     | Entered Level 10 of the Dungeon
 14562 | D:10     | Reached skill level 5 in Shields
 14887 | D:10     | Found a stormy altar of Qazlal.
 15250 | D:10     | Found Kulo's General Store.
 15251 | D:10     | Found Fokkitet's Specific Store.
 15262 | D:10     | Bought a scroll of identify for 30 gold pieces
 15262 | D:10     | Bought 3 scrolls of identify for 90 gold pieces
 15505 | D:11     | Found a staircase to the Orcish Mines.
 15631 | D:11     | Noticed a death knight
 15711 | Lair:1   | Entered Level 1 of the Lair of Beasts
 15787 | Lair:1   | Found a transporter.
 15838 | Lair:1   | Reached skill level 5 in Spellcasting
 15855 | Lair:1   | Reached skill level 10 in Air Magic
 15870 | Lair:1   | Offered knowledge of Searing Ray by Vehumet.
 15987 | Lair:1   | Noticed a seven-headed hydra
 16019 | Lair:1   | Killed a seven-headed hydra
 16205 | Lair:1   | Noticed a six-headed hydra
 16213 | Lair:1   | Noticed a five-headed hydra
 16220 | Lair:1   | Learned a level 4 spell: Airstrike
 16257 | Lair:1   | Reached skill level 1 in Conjurations
 16456 | Lair:1   | Noticed a seven-headed hydra
 16466 | Lair:1   | Noticed a spriggan rider
 16466 | Lair:1   | Noticed a thrashing horror
 16467 | Lair:1   | Noticed a red ugly thing
 16471 | Lair:1   | Found a one-way gate to the infinite horrors of the Abyss.
 16471 | Lair:1   | Noticed belegose's ghost (journeyman GrAr)
 16488 | Lair:1   | Noticed a red ugly thing
 16489 | Lair:1   | Noticed a rakshasa
 16490 | Lair:1   | Noticed a rakshasa
 16630 | Lair:1   | Reached skill level 5 in Fighting
 16676 | Lair:1   | Found a transporter.
 16694 | Lair:1   | Noticed a worldbinder
 17185 | Lair:1   | Killed a five-headed hydra
 17186 | Lair:1   | Reached XP level 12. HP: 39/68 MP: 3/20
 17352 | Lair:1   | Killed a seven-headed hydra
 17488 | Lair:1   | Killed a six-headed hydra
 18107 | Lair:2   | Reached *** piety under Vehumet
 18143 | Lair:2   | Reached skill level 11 in Air Magic
 18892 | Lair:2   | Noticed a five-headed hydra
 18899 | Lair:2   | Killed a five-headed hydra
 20600 | Lair:2   | Reached skill level 12 in Air Magic
 20662 | Lair:2   | Reached skill level 10 in Stealth
 21144 | Lair:3   | Reached XP level 13. HP: 39/72 MP: 3/21
 21322 | Lair:3   | Found a staircase to the Snake Pit.
 21355 | Lair:3   | Offered knowledge of Fulminant Prism by Vehumet.
 21959 | Lair:3   | Found a staircase to the Shoals.
 22227 | Lair:3   | Learned a level 4 spell: Fulminant Prism
 22975 | Lair:4   | Reached **** piety under Vehumet
 23451 | Lair:4   | Offered knowledge of Lightning Bolt by Vehumet.
 24061 | Lair:5   | Found a runed translucent door.
 24062 | Lair:5   | Found a viscous altar of Jiyva.
 24062 | Lair:5   | Noticed an azure jelly
 24329 | Lair:5   | Reached skill level 15 in Dodging
 25122 | Lair:5   | Found a staircase to the Slime Pits.
 25122 | Lair:5   | Noticed an azure jelly
 25146 | Lair:6   | Entered Level 6 of the Lair of Beasts
 25205 | Lair:6   | Learned a level 5 spell: Lightning Bolt
 25305 | Lair:6   | Reached XP level 14. HP: 64/78 MP: 20/27
 26412 | Lair:6   | Reached ***** piety under Vehumet
 26741 | Lair:6   | Offered knowledge of Orb of Destruction by Vehumet.
 27372 | Lair:5   | Reached skill level 10 in Spellcasting
 28292 | Lair:6   | Reached skill level 5 in Conjurations
 30844 | Orc:1    | Entered Level 1 of the Orcish Mines
 31077 | Orc:2    | Entered Level 2 of the Orcish Mines
 31373 | Orc:2    | Found a staircase to the Elven Halls.
 32494 | Orc:2    | Reached XP level 15. HP: 74/84 MP: 13/30
 32514 | Orc:2    | Offered knowledge of Starburst by Vehumet.
 32866 | Orc:2    | Noticed an orc warlord
 33537 | Orc:2    | Killed an orc warlord
 33813 | Orc:2    | Learned a level 6 spell: Starburst
 33927 | Orc:2    | Found Hinuf's General Store.
 33928 | Orc:2    | Found Amuatiac's Book Shoppe.
 33930 | Orc:2    | Found Erphom's Antique Armour Emporium.
 33930 | Orc:2    | Found Buynt's Antique Weapon Emporium.
 33947 | Orc:2    | Bought a book of Lightning for 396 gold pieces
 33948 | Orc:2    | Bought a scroll of blinking for 105 gold pieces
 33956 | Orc:2    | Bought an ichor-stained buckler for 266 gold pieces
 33956 | Orc:2    | Identified the +0 buckler "Vesch" {rPois} (You bought it in
                  | a shop on level 2 of the Orcish Mines)
 33956 | Orc:2    | Bought a ripped robe for 159 gold pieces
 33956 | Orc:2    | Identified the +2 robe of Creativity {Dex+2} (You bought it
                  | in a shop on level 2 of the Orcish Mines)
 33956 | Orc:2    | Bought a dazzling scale mail for 252 gold pieces
 33956 | Orc:2    | Identified the +0 scale mail "Deezxamm" {rCorr Str+2} (You
                  | bought it in a shop on level 2 of the Orcish Mines)
 34472 | Snake:1  | Entered Level 1 of the Snake Pit
 35826 | Snake:1  | Reached skill level 10 in Shields
 36184 | Snake:1  | Reached skill level 13 in Air Magic
 37750 | Snake:2  | Noticed a nagaraja
 37757 | Snake:2  | Killed a nagaraja
 37758 | Snake:2  | Reached skill level 14 in Air Magic
 38039 | Snake:1  | Reached skill level 10 in Conjurations
 38678 | Snake:2  | Noticed a nagaraja
 38684 | Snake:2  | Killed a nagaraja
 38685 | Snake:2  | Reached skill level 15 in Air Magic
 39618 | Snake:2  | Reached skill level 16 in Air Magic
 40135 | Snake:2  | Reached XP level 16. HP: 88/88 MP: 20/31
 40301 | Snake:2  | You are sucked into a shaft and drop 1 floor!
 40301 | Snake:3  | Noticed Mlioglotl
 40856 | Snake:3  | Identified the +0 pair of boots of Caustic Intercession
                  | {Fly Str+3}
 41006 | Snake:3  | Identified the +0 robe of the Eternal Fruit {Archmagi}
 41190 | Snake:3  | Reached skill level 17 in Air Magic
 41626 | Snake:4  | Entered Level 4 of the Snake Pit
 41626 | Snake:4  | Found a runed translucent door.
 42133 | Snake:3  | Asphyxiated

Illustrated notes

Levels and vault maps discovered:
D:1:      lemuel_arrival_lava_pool, layout_loops_cross, basic_ecumenical_altar
D:2:      layout_rooms, basic_altar
D:3:      layout_loops_ring
D:4:      layout_cave_pools
D:5:      gammafunk_steamed_eel, layout_basic, nicolae_dithmenos_shadow_blocks
D:6:      layout_basic, minmay_temple_entry_statues_fountains, serial_shops,
          kennysheep_little_box, serial_bayou_pond_d, minivault_10,
          uniq_sigmund, uniq_eustachio
D:7:      layout_loops_ring, mainiacjoe_overflow_brackets, enter_bailey_2,
          serial_shops, shop, uniq_crazy_yiuf_cottage
D:8:      layout_gridville, erik_lair_island, ebering_ghost_disaster_area,
          minmay_fractal_squares_5, uniq_erica
D:9:      layout_roguey, cheibriados_altar_1, lemuel_flamethrower_hall,
          uniq_maurice
D:10:     layout_cave_pods, overflow_temple_1_default, nicolae_specific_store,
          minmay_quadrilaterals
D:11:     layout_basic, david_orc_3, due_unseen_surprise
Temple:   mainiacjoe_temple_coin_purse
Lair:1:   layout_regular_city, gammafunk_ghost_abyssal_escape, st_stairs_12
Lair:2:   layout_gridlike, beast_lair_carwin_8
Lair:3:   layout_cave_pods, minmay_shoals_entry_hut,
          minmay_snake_entry_six_corridors, nicolae_quartered_pool_little,
          chequers_serial_rivers_micro_c
Lair:4:   layout_regular_city, serial_bayou_shore_a, grunt_megastairs_2,
          lemuel_fruit_fields
Lair:5:   layout_gridlike, slime_altar_2, kennysheep_rathole
Lair:6:   minmay_lair_end_frog_pond, layout_regular_city,
          chequers_serial_rivers_small_b
Snake:1:  layout_misc_corridors, grunt_megastairs_5
Snake:2:  layout_cave_shapes
Snake:3:  layout_concentric_octagons, uniq_mlioglotl
Snake:4:  grunt_snake_rune_serpentine_throne, layout_cave_town,
          gammafunk_ghost_grave, minmay_shop_grove
Orc:1:    layout_diamond_mine, serial_shops, shop, uniq_sonja
Orc:2:    st_orc_congregation, layout_diamond_mine

Skill      XL: |  1  2  3  4  5  6  7  8  9 10 11 12 13 14 15 16 |
---------------+-------------------------------------------------+-----
Hexes          | 3 4 5 6 7 |  7.0
Fighting       | 1 2 5 6 |  6.0
Dodging        | 5 7 9 10 12 15 | 15.0
Short Blades   | 3 4 |  4.0
Armour         | 2 3 |  3.0
Stealth        | 5 7 10 | 10.0
Spellcasting   | 3 4 5 8 10 | 10.0
Air Magic      | 9 10 12 16 17 | 17.5
Shields        | 3 5 8 10 | 10.0
Conjurations   | 3 7 10 | 10.0

Action                   |  1- 3 |  4- 6 |  7- 9 | 10-12 | 13-15 | 16-18 || total
-------------------------+-------+-------+-------+-------+-------+-------++-------
Melee: Dagger            |    17 |       |       |       |       |       ||    17
       Peck              |     7 |    19 |    59 |   226 |   361 |    21 ||   693
       Kick              |    10 |    40 |   119 |   322 |   590 |    25 ||  1106
       Short sword       |    36 |   122 |   313 |   607 |  1153 |    50 ||  2281
       Punch             |       |     2 |     9 |     2 |       |       ||    13
       Hand axe          |       |       |       |    75 |       |       ||    75
Throw: Stone             |    10 |       |       |       |       |       ||    10
 Cast: Ensorcelled Hiber |    18 |    43 |    39 |    12 |       |       ||   112
       Confusing Touch   |       |     4 |    26 |    81 |   115 |     5 ||   231
       Airstrike         |       |       |       |    63 |   390 |    63 ||   516
       Fulminant Prism   |       |       |       |       |    27 |       ||    27
       Lightning Bolt    |       |       |       |       |    40 |       ||    40
       Swiftness         |       |       |       |       |     2 |       ||     2
       Tukima's Dance    |       |       |       |       |     4 |       ||     4
       Starburst         |       |       |       |       |     3 |       ||     3
       Static Discharge  |       |       |       |       |     1 |       ||     1
Evoke: Wand              |       |       |     2 |    14 |    25 |       ||    41
  Use: Potion            |       |       |     2 |       |       |       ||     2
       Scroll            |       |       |     7 |    10 |    11 |     2 ||    30
 Stab: Sleeping          |    20 |    24 |    21 |    19 |    10 |       ||    94
       Confused          |       |     4 |    17 |    81 |   130 |     8 ||   240
       Invisible         |       |       |     4 |       |       |       ||     4
       Distracted        |       |       |     1 |     3 |     1 |       ||     5
       Paralysed         |       |       |       |       |     1 |       ||     1
Armor: Robe              |    13 |    38 |    30 |       |       |       ||    81
       Leather armour    |       |       |    25 |    70 |   135 |     6 ||   236
Dodge: Dodged            |    28 |    79 |   352 |   608 |  1058 |    44 ||  2169
Block: Buckler           |       |       |       |   150 |   164 |       ||   314
       Kite shield       |       |       |       |       |   420 |    71 ||   491
       Reflection        |       |       |       |       |     8 |    10 ||    18
